 Dungeon Crawl Stone Soup version 0.21.1-1-g345015f (webtiles) character file.

114 troglodite the Covered (level 4, -4/37 HPs)
             Began as a Barachi Fighter on Feb 28, 2018.
             Was an Initiate of Cheibriados.
             Slain by a centaur (8 damage)
             ... on level 3 of the Dungeon.
             The game lasted 00:03:50 (1735 turns).

troglodite the Covered (Barachi Fighter)            Turns: 1735, Time: 00:03:51

Health: -4/37      AC:  7    Str: 19    XL:     4   Next: 98%
Magic:  4/4        EV:  8    Int: 10    God:    Cheibriados [......]
Gold:   120        SH:  9    Dex: 12    Spells: 3/3 levels left

rFire    . . .     SeeInvis .   h - +0 dagger (venom)
rCold    . . .     Gourm    .   c - +0 shield
rNeg     + . .     Faith    .   b - +0 scale mail
rPois    .         Spirit   .   (no helmet)
rElec    .         Reflect  .   (no cloak)
rCorr    .         Harm     .   (no gloves)
MR       .....                  (no boots)
Stlth    ..........             (no amulet)
HPRegen  0.12/turn              o - ring of positive energy
MPRegen  0.09/turn              (no ring)

@: very slow
A: +LOS, swims, slowness 1, strong legs 1
a: Hop, Bend Time, Renounce Religion


You were on level 3 of the Dungeon.
You worshipped Cheibriados.
Cheibriados was noncommittal.
You were not hungry.

You visited 1 branch of the dungeon, and saw 3 of its levels.

You collected 120 gold pieces.

Inventory:

Hand Weapons
 a - a +0 long sword
 h - a +0 dagger of venom (weapon)
Armour
 b - a +0 scale mail (worn)
 c - a +0 shield (worn)
Jewellery
 o - a ring of positive energy (left hand)
Wands
 s - a wand of iceblast (10)
Scrolls
 j - 3 scrolls of teleportation {unknown}
 k - a scroll of remove curse {unknown}
 l - a scroll of random uselessness {unknown}
 m - 4 scrolls of identify {unknown}
 n - a scroll of amnesia {unknown}
 p - a scroll of enchant weapon {unknown}
 r - a scroll of immolation {unknown}
Potions
 d - a potion of might
 e - a potion of curing {unknown}
 g - a potion of brilliance {unknown}
 i - a potion of lignification {unknown}
 q - a potion of heal wounds {unknown}
Comestibles
 f - 3 rations


   Skills:
 * Level 4.1 Fighting
 + Level 0.8(1.9) Short Blades
 * Level 3.0(3.1) Long Blades
 * Level 4.8 Armour
 * Level 1.5 Dodging
 * Level 4.0 Shields


You had 3 spell levels left.
You didn't know any spells.

Dungeon Overview and Level Annotations

Branches:
Dungeon (3/15)

Altars:
Cheibriados
Kikubaaqudgha


Innate Abilities, Weirdness & Mutations

Shadows flee at your approach. (+LOS)
You can swim through water.
You cover ground slowly.
You can hop short distances.


Message History

The centaur is moderately wounded.
The centaur hits you.
* * * LOW HITPOINT WARNING * * *
You block the centaur's attack.
You hit the centaur.
The centaur looks as sick as possible!
The centaur is moderately wounded.
The centaur hits you but does no damage.
You hit the centaur.
The centaur is heavily wounded.
The centaur hits you.
* * * LOW HITPOINT WARNING * * *
The centaur hits you.
* * * LOW HITPOINT WARNING * * *
You hit the centaur but do no damage.
The centaur is severely wounded.
You block the centaur's attack.
You hit the centaur but do no damage.
The centaur looks as sick as possible!
The centaur is severely wounded.
The centaur hits you!
You die...

#. #.## %.# ..#
..# #.### #...
# ##c###.###.
#.@..........
#†(..?>......
.####
#)####.##.#.#
......###)#
#..##.#.#
..........#
#.###.#.##
.#####.#..#
#....>...# #
#.####..##.#..#
#...##..##.#..#
#
#....)....<...#


You could see a centaur.

Vanquished Creatures
  An orc priest (D:3)
  2 adders
  An ooze (D:1)
  2 dart slugs
  A leopard gecko (D:1)
  3 orcs (D:3)
  3 giant cockroaches (D:1)
  2 hobgoblins
  11 jackals
  4 bats (D:2)
  4 frilled lizards
  5 goblins (D:2)
  7 kobolds
  11 rats
57 creatures vanquished.

Notes
Turn   | Place    | Note
-------+----------+-------------------------------------------
     0 | D:1      | troglodite the Barachi Fighter began the quest for the Orb.
     0 | D:1      | Reached XP level 1. HP: 18/18 MP: 1/1
   253 | D:1      | Reached XP level 2. HP: 24/25 MP: 2/2
   487 | D:1      | Reached XP level 3. HP: 25/30 MP: 3/3
   512 | D:1      | Reached skill level 1 in Dodging
  1064 | D:2      | Reached XP level 4. HP: 37/37 MP: 4/4
  1098 | D:2      | Found a snail-covered altar of Cheibriados.
  1098 | D:2      | Found an ancient bone altar of Kikubaaqudgha.
  1108 | D:2      | Became a worshipper of Cheibriados the Contemplative
  1728 | D:3      | Noticed a centaur
  1735 | D:3      | Slain by a centaur

Skill      XL: |  1  2  3  4 |
---------------+-------------+-----
Armour         | 4 |  4.8
Dodging        | 1 |  1.5
Fighting       | 4 |  4.1
Long Blades    | 3 |  3.0
Shields        | 4 |  4.0
Short Blades   | |  0.8

Action                   |  1- 3 |  4- 6 || total
-------------------------+-------+-------++-------
Melee: Long sword        |     7 |       ||     7
       Dagger            |   113 |    66 ||   179
  Eat: Chunk             |     1 |     3 ||     4
Armor: Scale mail        |    63 |    23 ||    86
Dodge: Dodged            |    44 |    19 ||    63
Block: Shield            |    70 |    36 ||   106
